[Event "*** Titled Tuesday Blitz"]
[Site "Chess.com"]
[Date "2020.05.12"]
[Round "7"]
[White "Kapibara_Warri0r"]
[Black "MFguimaraes"]
[Result "0-1"]
[WhiteElo "2056"]
[BlackElo "2453"]
[TimeControl "180+1"]
[EndTime "11:16:26 PDT"]
[Termination "MFguimaraes won by checkmate"]

1. e4 e5 2. Nf3 Nc6 3. Bb5 Nf6 4. d3 Bc5 5. Nc3 d6 6. a3 a6 7. Ba4 h6 8. O-O Bg4 9. h3 Bh5 10. Be3 b5 11. Bb3 Nd4 12. Bxd4 exd4 13. Nd5 c6 14. Nf4 Bxf3 15. Qxf3 O-O 16. Ng6 Re8 17. Nh4 d5 18.
Rae1 dxe4 19. dxe4 Bd6 20. Nf5 Be5 21. Qe2 c5 22. f4 Bc7 23. c3 c4 24. Bd1 Rxe4 25. Qf3 Rxf4 26. Qc6 Rxf1+ 27. Rxf1 Rc8 28. Qf3 dxc3 29. bxc3 Be5 30. Qe3 Qc7 31. Bc2 Qc5 32. Nd4 Rd8 33. Rxf6 Bxf6 34. Qe4 Rxd4 35. Qh7+ Kf8 36.
Qh8+ Ke7 37. cxd4 Qxd4+ 38. Kh1 Qa1+ 39. Kh2 Be5+ 40. g3 Qb2 41. Qa8 Qxc2+ 42. Kg1 Bd4+ 43. Kf1 Qf2# 0-1

[Event "*** Titled Tuesday Blitz"]
[Site "Chess.com"]
[Date "2020.05.12"]
[Round "7"]
[White "Hikaru"]
[Black "LittlePeasant"]
[Result "1-0"]
[WhiteElo "3243"]
[BlackElo "2786"]
[TimeControl "180+1"]
[EndTime "11:16:27 PDT"]
[Termination "Hikaru won by resignation"]

1. Nf3 d5 2. b3 Bg4 3. e3 e6 4. Bb2 Nf6 5. d4 c6 6. Nbd2 Nbd7 7. h3 Bh5 8. c4 Bd6 9. Bd3 O-O 10. Qc2 Bg6 11.
Bxg6 hxg6 12. O-O Rc8 13. e4 dxe4 14. Nxe4 Nxe4 15. Qxe4 Nf6 16. Qe2 Qa5 17. a3 Rfd8 18. Rad1 Qf5 19. Rfe1 g5 20. Ne5 Bxe5 21. dxe5 Nh7 22.
Rd6 Rxd6 23. exd6 Nf8 24. Qe3 c5 25. Qg3 f6 26. Qe3 Rd8 27. Rd1 b6 28. b4 Nd7 29.
g4 Qc2 30. Qxe6+ Kh7 31. Qf5+ Qxf5 32. gxf5 Kg8 33. Re1 Nf8 34. Rd1 Kf7 35. bxc5 bxc5 36. Bc3 Nd7 37. Kg2 Nb6 38. Ba5 Rd7 39. Bxb6 axb6 40. Kf3 Ke8 41. Ke4 Ra7 42. Kd5 Rxa3 43. Kc6 Kd8 44. Re1 Ra7 45. Kxb6 Ra3 46. Kc6 Ra6+ 47.
Kxc5 Ra5+ 48. Kc6 Rxf5 49. Ra1 1-0

[Event "*** Titled Tuesday Blitz"]
[Site "Chess.com"]
[Date "2020.05.12"]
[Round "7"]
[White "Zarikovs1999"]
[Black "Reader777"]
[Result "1-0"]
[WhiteElo "2406"]
[BlackElo "2594"]
[TimeControl "180+1"]
[EndTime "11:16:27 PDT"]
[Termination "Zarikovs1999 won by resignation"]

1. Nf3 d5 2. c4 dxc4 3. Qa4+ c6 4. Qxc4 Nf6 5. g3 g6 6. Bg2 Bg7 7. O-O O-O 8. d4 Nbd7 9. Qc2 Nb6 10. Nc3 Bg4 11.
Rd1 a5 12. e4 Nfd7 13. h3 Bxf3 14. Bxf3 Qc7 15. Be3 Nc4 16. Bg5 Rfe8 17. b3 Nd6 18.
Rac1 h6 19. Be3 Qb8 20. Na4 Rc8 21. Nc5 Nf8 22. Bf4 b6 23. Na4 g5 24. Be3 Nb5 25.
e5 Ra7 26. Qe2 Rac7 27. d5 Bxe5 28. dxc6 Bg7 29. Qxb5 Ne6 30. Qxb6 Qa8 31. Qb7 Be5 32. Qxa8 Rxa8 33. Nb6 Rf8 34. Nd5 1-0

[Event "*** Titled Tuesday Blitz"]
[Site "Chess.com"]
[Date "2020.05.12"]
[Round "7"]
[White "freshfoodcompany"]
[Black "mortngabriel"]
[Result "0-1"]
[WhiteElo "2246"]
[BlackElo "2437"]
[TimeControl "180+1"]
[EndTime "11:16:27 PDT"]
[Termination "mortngabriel won by resignation"]

1. d4 Nf6 2. c4 e6 3. Nc3 Bb4 4. e3 O-O 5. Bd3 d5 6. Nf3 b6 7. O-O Ba6 8. cxd5 exd5 9. Bxa6 Nxa6 10. Qa4 Qc8 11. Bd2 Re8 12. Rac1 Bf8 13. Nb5 Qb7 14.
Rc2 c6 15. Nc3 Nb4 16. Rcc1 a5 17. Ne5 b5 18. Qd1 Nd7 19. a3 Nxe5 20. dxe5 Nd3 21. Rc2 Nxe5 22. Qe2 a4 23. Rfc1 Nc4 24. Na2 Qd7 25.
Bb4 Re6 26. Bxf8 Rxf8 27. Nb4 Rfe8 28. Nd3 Qd6 29. Qd1 d4 30. Nf4 Rf6 31. Nh5 Rh6 32.
exd4 Re4 33. Ng3 Rxd4 34. Qe2 Re6 35. Qf3 g6 36. h3 h5 37. Ne2 Rd1+ 38. Rxd1 Qxd1+ 39. Kh2 Qxc2 40. Nd4 Qe4 41. Nxe6 Qxf3 42. gxf3 fxe6 0-1

[Event "*** Titled Tuesday Blitz"]
[Site "Chess.com"]
[Date "2020.05.12"]
[Round "7"]
[White "AndriiTop"]
[Black "beto-betun"]
[Result "1-0"]
[WhiteElo "2345"]
[BlackElo "2128"]
[TimeControl "180+1"]
[EndTime "11:16:27 PDT"]
[Termination "AndriiTop won on time"]

1. e4 c5 2. c3 d5 3. exd5 Qxd5 4. d4 Nc6 5. Nf3 Nf6 6. Na3 Bg4 7. Be2 cxd4 8. Nb5 Qd7 9. Nbxd4 Nxd4 10. Qxd4 Qxd4 11.
Nxd4 Bxe2 12. Kxe2 e6 13. Nb5 Nd5 14. c4 a6 15.
cxd5 axb5 16. dxe6 fxe6 17. Rd1 Be7 18. Be3 Bf6 19.
Bd4 O-O 20. Bxf6 gxf6 21. Rd7 Rf7 22. Rxf7 Kxf7 23. a3 Rc8 24. Rd1 Rc2+ 25. Rd2 Rxd2+ 26. Kxd2 Ke7 27. Kc3 Kd6 28. Kd4 h5 29. Ke4 b6 30.
h4 Ke7 31. Kd4 Kd6 32. Kc3 e5 33. Kb4 f5 34. Kxb5 e4 35. Kc4 b5+ 36. Kd4 1-0

[Event "*** Titled Tuesday Blitz"]
[Site "Chess.com"]
[Date "2020.05.12"]
[Round "7"]
[White "A-Fier"]
[Black "FMJoseHerrera"]
[Result "1-0"]
[WhiteElo "2778"]
[BlackElo "2641"]
[TimeControl "180+1"]
[EndTime "11:16:28 PDT"]
[Termination "A-Fier won by resignation"]

1. d4 Nf6 2. c4 c5 3. d5 b5 4.
cxb5 a6 5. bxa6 g6 6. Nc3 Bg7 7. a7 Rxa7 8. e4 O-O 9. Nf3 Qa5 10. Bd2 Qb6 11. Rb1 Ba6 12. Bxa6 Qxa6 13. Qe2 d6 14. Qxa6 Nxa6 15. Ke2 Nb4 16. a3 Nc2 17. Kd3 Nd4 18.
Nxd4 cxd4 19. Nb5 Ra4 20. b3 Ra6 21. f3 Nd7 22. Rhc1 Rb8 23. a4 Nc5+ 24. Ke2 f5 25. exf5 gxf5 26. Bb4 Nxb3 27. Rxb3 Rxa4 28. Bd2 Rba8 29.
Nc7 Rc8 30. Ne6 Rxc1 31. Bxc1 Ra2+ 32. Bd2 Bh6 33. f4 Kf7 34. g3 Bg7 35. Nxg7 Kxg7 36. Rb4 Ra5 37. Rxd4 Rb5 38. Rd3 Kf7 39. Kf3 Kg6 40. h3 h5 41. g4 hxg4+ 42. hxg4 Rb2 43. g5 Rb1 44. Re3 Rb5 45. Re6+ Kf7 46. g6+ Kf8 47. Bc3 Rxd5 48. g7+ Kg8 49. Ke3 Rc5 50. Bd4 Rc7 51. Rh6 e5 52. fxe5 Kxg7 53. exd6+ Kxh6 54. dxc7 1-0

[Event "*** Titled Tuesday Blitz"]
[Site "Chess.com"]
[Date "2020.05.12"]
[Round "7"]
[White "Onischuk_V"]
[Black "Tooweak2slow03"]
[Result "1/2-1/2"]
[WhiteElo "2807"]
[BlackElo "2625"]
[TimeControl "180+1"]
[EndTime "11:16:28 PDT"]
[Termination "Game drawn by repetition"]

1. e4 e6 2. d4 d5 3. Bd3 c5 4.
exd5 exd5 5. Nf3 Nf6 6. O-O Be7 7. dxc5 O-O 8. a3 Bxc5 9. b4 Bd6 10. Bb2 Nc6 11. Nc3 Bg4 12. h3 Bh5 13. g4 Bg6 14. Bxg6 hxg6 15. g5 Ne4 16. h4 Qc8 17. Nxe4 dxe4 18.
Qxd6 exf3 19. Rfe1 a5 20. b5 Rd8 21. Qg3 Nd4 22.
Bxd4 Rxd4 23. Qxf3 Qxc2 24. Re7 Rf8 25. Rxb7 Rxh4 26.
Re1 Rh5 27. Qd5 Qc3 28. Rbe7 Qh3 29. Qg2 Qh4 30. R7e5 Qd4 31. Re8 Qd6 32. Rxf8+ Qxf8 33. b6 Qd8 34. b7 Rxg5 35. Re8+ Qxe8 36. Qxg5 Qe1+ 37. Kh2 Qxf2+ 38. Qg2 Qh4+ 39. Kg1 Qe1+ 40. Kh2 Qh4+ 41. Qh3 Qf2+ 42. Qg2 Qh4+ 1/2-1/2

[Event "*** Titled Tuesday Blitz"]
[Site "Chess.com"]
[Date "2020.05.12"]
[Round "7"]
[White "aa175"]
[Black "1977Ivan"]
[Result "0-1"]
[WhiteElo "2397"]
[BlackElo "2631"]
[TimeControl "180+1"]
[EndTime "11:16:28 PDT"]
[Termination "1977Ivan won by resignation"]

1. d4 Nf6 2. Nf3 d6 3. Bf4 Nbd7 4. e3 Nh5 5. Bg5 h6 6. Bh4 g5 7. Nfd2 Ng7 8. Bg3 Nf5 9. c4 Nf6 10. Nc3 c6 11. Bd3 Bg7 12. Qf3 Nxg3 13. Qxg3 a6 14.
h4 g4 15. e4 Qb6 16. Nb3 a5 17. c5 Qb4 18. Bc2 a4 19. a3 Qc4 20. Nd2 Qxd4 21.
cxd6 exd6 22. O-O-O Nh5 23. Qd3 Qxd3 24. Bxd3 Nf4 25. Bf1 b5 26. g3 Ne6 27. Bg2 Nd4 28.
e5 Bxe5 29. Nxb5 Ne2+ 30. Kb1 Bf5+ 31. Ka1 Ke7 32. Bxc6 Rac8 33. Rhe1 Rxc6 34. Rxe2 Bd3 35. Nd4 Bxe2 36. Nxc6+ Ke6 37. Re1 Bd3 38. Nd4+ Kd5 39. Ne2 Rc8 40. Nf1 Bxe2 41. Ne3+ Ke4 42. Rxe2 Rc1+ 43.
Ka2 Kd3 0-1

[Event "*** Titled Tuesday Blitz"]
[Site "Chess.com"]
[Date "2020.05.12"]
[Round "7"]
[White "vaishali2001"]
[Black "Munkhzul_Turmunkh"]
[Result "0-1"]
[WhiteElo "2646"]
[BlackElo "2503"]
[TimeControl "180+1"]
[EndTime "11:16:30 PDT"]
[Termination "Munkhzul_Turmunkh won by resignation"]

1. e4 c5 2. Nf3 d6 3. c3 Nf6 4. Be2 Nc6 5. d4 cxd4 6. cxd4 e6 7. Nc3 Be7 8. O-O O-O 9. d5 exd5 10. exd5 Nb8 11.
Re1 Re8 12. Bf4 h6 13. Rc1 a6 14. Qd2 Nbd7 15. Bd3 Nf8 16. Nd4 Nh5 17. Bxh6 gxh6 18.
Qxh6 Ng7 19. Rxe7 Rxe7 20. Ne4 Rxe4 21. Bxe4 Bd7 22. Rc3 f5 23. Bc2 Qe7 24. Re3 Qf7 25.
Rh3 Qg6 26. Qh8+ Kf7 27. Rg3 Qh7 28. Qxh7 Nxh7 29. Rb3 b5 30. Rc3 Rc8 31. Nc6 Nf6 32.
Nb4 Rxc3 33. bxc3 a5 34. Na6 Nxd5 35. Bb3 Be6 36. a4 bxa4 37. Bxa4 Nxc3 38. Bc6 a4 39.
Nb4 a3 40. h4 a2 41. Nc2 Bd5 42. Na1 Bxc6 0-1

[Event "*** Titled Tuesday Blitz"]
[Site "Chess.com"]
[Date "2020.05.12"]
[Round "7"]
[White "today_good_day"]
[Black "TheoSlade"]
[Result "0-1"]
[WhiteElo "2081"]
[BlackElo "2264"]
[TimeControl "180+1"]
[EndTime "11:16:30 PDT"]
[Termination "TheoSlade won on time"]

1. e4 e5 2. Nf3 Nc6 3. d4 exd4 4.
Bc4 Bc5 5. O-O d6 6. c3 dxc3 7. Nxc3 Nf6 8. Bg5 h6 9. Bh4 Be6 10. Nd5 Bxd5 11. exd5 Ne7 12. Bxf6 gxf6 13. b4 Bb6 14.
Re1 Qd7 15. a4 a5 16. Bb5 c6 17. dxc6 bxc6 18. Bc4 d5 19. Bb3 O-O 20. Qd2 Kg7 21. Re2 Ng6 22. b5 Rae8 23. bxc6 Qxc6 24. Rae1 Rxe2 25.
Rxe2 Rd8 26. h4 d4 27. h5 d3 28. Re1 Nf8 29. Nh4 Qc5 30. Qf4 Qg5 31. Nf5+ Kh7 32.
Qe4 d2 33. Rd1 Kg8 34. Qc4 Ne6 0-1

[Event "*** Titled Tuesday Blitz"]
[Site "Chess.com"]
[Date "2020.05.12"]
[Round "7"]
[White "m-garcett"]
[Black "Konovalova_Vera"]
[Result "0-1"]
[WhiteElo "1970"]
[BlackElo "2091"]
[TimeControl "180+1"]
[EndTime "11:16:30 PDT"]
[Termination "Konovalova_Vera won by checkmate"]

1. e4 c6 2. c4 d5 3. cxd5 cxd5 4.
exd5 Nf6 5. Nc3 Nbd7 6. Nf3 Nb6 7. d4 Nfxd5 8. Bd3 e6 9. O-O Be7 10. a3 O-O 11. Re1 Bd7 12. Ne5 Rc8 13. Qh5 f5 14.
Nxd7 Qxd7 15. Bd2 Bf6 16. Nxd5 Nxd5 17. Be3 g6 18. Qe2 Rfe8 19. Rac1 Nxe3 20. fxe3 e5 21. Bb5 Qd6 22. Bxe8 Rxe8 23. Qc4+ Kh8 24. d5 e4 25. Red1 Be5 26. h3 Re7 27. Qc5 Qf6 28. d6 Rd7 29. Qc8+ Rd8 30. d7 Kg7 31. Qxb7 Qh4 32. Rc8 Qg3 33. Rd2 Qe1# 0-1

[Event "*** Titled Tuesday Blitz"]
[Site "Chess.com"]
[Date "2020.05.12"]
[Round "7"]
[White "hongnhung1234"]
[Black "Usurpov"]
[Result "1-0"]
[WhiteElo "2265"]
[BlackElo "2424"]
[TimeControl "180+1"]
[EndTime "11:16:31 PDT"]
[Termination "hongnhung1234 won on time"]

1. e4 c5 2. Nc3 e6 3. f4 d5 4.
Bb5+ Bd7 5. Bxd7+ Qxd7 6. d3 Nc6 7. Nf3 dxe4 8. dxe4 Qc7 9. O-O Rd8 10. Qe2 Nf6 11. e5 Nd5 12. Nb5 Qb6 13. Nd6+ Bxd6 14. exd6 O-O 15. c4 Nf6 16. b3 Rxd6 17. Bb2 Nd4 18. Qf2 Rfd8 19. Qh4 Ne4 20. Rae1 f5 21. Ne5 Nc6 22. Nf3 Nd4 23. Ne5 Qa5 24. Re3 Qd2 25.
Rh3 Nf6 26. Ba3 b6 27. b4 Ne2+ 28. Kh1 Nxf4 29. Bc1 Nxh3 30. Bxd2 Rxd2 31. Qxh3 Ne4 32. Qf3 1-0

[Event "*** Titled Tuesday Blitz"]
[Site "Chess.com"]
[Date "2020.05.12"]
[Round "7"]
[White "DLR7"]
[Black "Kildepiotr"]
[Result "1-0"]
[WhiteElo "2716"]
[BlackElo "2547"]
[TimeControl "180+1"]
[EndTime "11:16:32 PDT"]
[Termination "DLR7 won by resignation"]

1. d4 c5 2. e3 Nf6 3. Nf3 d5 4. Bd3 Bg4 5. O-O e6 6. b3 cxd4 7. exd4 Nc6 8. Bb2 Bd6 9. h3 Bh5 10. Nbd2 O-O 11. a3 Rc8 12. Qe2 Bb8 13. Qe3 Bg6 14. Ne5 Bxd3 15. Qxd3 Nxe5 16. dxe5 Nd7 17. f4 Qb6+ 18. Bd4 Qc6 19. c3 Bc7 20. Rac1 Bb6 21.
c4 Bxd4+ 22. Qxd4 Qb6 23. Qxb6 Nxb6 24. c5 Nd7 25. b4 f6 26. exf6 gxf6 27. Nf3 e5 28.
Rfe1 Rfe8 29. Rcd1 d4 30. Nh4 Kf7 31. Nf5 Rc6 32.
Nd6+ Rxd6 33. cxd6 Re6 34. fxe5 fxe5 35. Rf1+ Kg7 36. Rc1 Rxd6 37. Rc7 d3 38. Kf2 Kg6 39. Ke3 Nf6 40. Rxb7 d2 41. Rd1 Nd5+ 42. Kxd2 Nc3+ 43.
Kxc3 Rxd1 44. Rxa7 e4 45. Re7 Kf5 46. b5 Rd3+ 47.
Kb4 e3 48. b6 Rd4+ 49. Kc3 Re4 50. Rxe4 Kxe4 51. b7 1-0

[Event "*** Titled Tuesday Blitz"]
[Site "Chess.com"]
[Date "2020.05.12"]
[Round "7"]
[White "AminMolaei"]
[Black "chessdjw"]
[Result "1-0"]
[WhiteElo "2545"]
[BlackElo "2679"]
[TimeControl "180+1"]
[EndTime "11:16:32 PDT"]
[Termination "AminMolaei won on time"]

1. d4 Nf6 2. c4 g6 3. Nc3 d5 4.
Bg5 Bg7 5. Nf3 Ne4 6. Bh4 Nxc3 7. bxc3 dxc4 8. e3 b5 9. Qb1 a6 10. a4 c6 11. Be2 Nd7 12. O-O Nb6 13. axb5 cxb5 14. Qe4 Nd5 15. Ne5 Bf5 16. Qf3 Bxe5 17. dxe5 Nxc3 18. e4 Nxe2+ 19. Qxe2 Be6 20. f4 c3 21. Rfd1 Qb6+ 22. Bf2 Qc6 23. Rd4 Rc8 24. Qc2 h5 25. f5 gxf5 26. exf5 Rg8 27. g3 Bd5 28. Rad1 Bh1 29. Be3 h4 30. Rxh4 a5 31. e6 b4 32. exf7+ Kxf7 33. Qb3+ Bd5 34. Rxd5 a4 35.
Qd1 c2 36. Rh7+ Kf8 37. Bh6+ Qxh6 38. Rd8+ 1-0

[Event "*** Titled Tuesday Blitz"]
[Site "Chess.com"]
[Date "2020.05.12"]
[Round "7"]
[White "DenisQ"]
[Black "czasnaszachy"]
[Result "0-1"]
[WhiteElo "2594"]
[BlackElo "2364"]
[TimeControl "180+1"]
[EndTime "11:16:33 PDT"]
[Termination "czasnaszachy won on time"]

1. Nf3 d5 2. c4 d4 3. g3 c5 4. Bg2 Nc6 5. O-O e5 6. e3 Bd6 7. exd4 cxd4 8. Re1 f6 9. d3 Nge7 10.
Na3 a6 11. Nc2 O-O 12. Rb1 a5 13. Nd2 Be6 14. Ne4 f5 15. Nxd6 Qxd6 16. b3 Rad8 17. Ba3 Qd7 18. b4 axb4 19. Nxb4 Rf7 20. Nxc6 Nxc6 21. Bxc6 Qxc6 22. Rxe5 f4 23. Qe2 f3 24. Qe1 Bf5 25. Rb3 Bg6 26. Re6 Qd7 27. Qe5 Rf5 28. Qd6 Qxd6 29. Rxd6 Re8 30. h4 Re1+ 31. Kh2 Rf1 32.
Rb2 Re5 33. Rxd4 Re2 0-1

[Event "*** Titled Tuesday Blitz"]
[Site "Chess.com"]
[Date "2020.05.12"]
[Round "7"]
[White "annamaja"]
[Black "canary2016"]
[Result "0-1"]
[WhiteElo "2294"]
[BlackElo "1963"]
[TimeControl "180+1"]
[EndTime "11:16:33 PDT"]
[Termination "canary2016 won by checkmate"]

1. e4 c6 2. d4 d5 3. e5 Bf5 4.
Nf3 e6 5. Bd3 Bxd3 6. Qxd3 Nd7 7. O-O Ne7 8. Bg5 h6 9. Bh4 Qc7 10. c4 Nf5 11. cxd5 cxd5 12. Nc3 Nxh4 13. Nxh4 Be7 14.
Qg3 O-O 15. f4 Rac8 16. f5 Bxh4 17. Qxh4 exf5 18. Nxd5 Qd8 19. Qxd8 Rcxd8 20. Rxf5 Nb8 21. Ne7+ Kh7 22. d5 g6 23. Rf2 Kg7 24. Rc1 Rfe8 25. d6 Nd7 26. Re2 b6 27. Rc7 a5 28. Nc6 Rc8 29.
Rxd7 Rxc6 30. Rc7 Rxc7 31. dxc7 Rc8 32. Rc2 Kf8 33. Kf2 Ke7 34. Ke3 Kd7 35. Ke4 Rxc7 36. Rxc7+ Kxc7 37. Kd5 Kd7 38. a4 Kc7 39. e6 f6 40. e7 Kd7 41. e8=Q+ Kxe8 42. Ke6 f5 43.
Kf6 g5 44. Kg6 f4 45. Kxh6 g4 46. h4 f3 47. gxf3 gxf3 48. Kg7 f2 49. h5 f1=Q 50. h6 Qf7+ 51. Kh8 Kf8 52. h7 Qg7# 0-1

[Event "*** Titled Tuesday Blitz"]
[Site "Chess.com"]
[Date "2020.05.12"]
[Round "7"]
[White "Grandmaster2B"]
[Black "BabyBoss31"]
[Result "0-1"]
[WhiteElo "2464"]
[BlackElo "2328"]
[TimeControl "180+1"]
[EndTime "11:16:34 PDT"]
[Termination "BabyBoss31 won by resignation"]

1. e4 e6 2. d4 d5 3. Nd2 Nf6 4. e5 Nfd7 5. Bd3 c5 6. c3 Nc6 7. Ne2 cxd4 8. cxd4 f6 9. exf6 Nxf6 10. Nf3 Bd6 11.
O-O Qc7 12. Nc3 a6 13. Be3 O-O 14. Rc1 Bd7 15. a3 Be8 16. h3 Bh5 17. Be2 Rae8 18.
Kh1 Bf4 19. Bxf4 Qxf4 20. g3 Bxf3+ 21. Bxf3 Qxd4 22. Na4 e5 23. Nc5 Qxd1 24. Rfxd1 Nd4 25. Bg2 Re7 26. f4 Ne2 27. fxe5 Rxe5 28. Rc2 Nxg3+ 29. Kh2 Nf5 30. Nd3 Re7 31. Rc5 Ne3 32. Re1 Rfe8 33. Bf3 d4 34. Ra5 Nc4 35. Rxe7 Rxe7 36. Ra4 Nd2 37. Bg2 Rd7 38. Nc5 Rc7 39. Nxb7 Rc2 40. Rxd4 Nf3+ 0-1

[Event "*** Titled Tuesday Blitz"]
[Site "Chess.com"]
[Date "2020.05.12"]
[Round "7"]
[White "Klavdia_Nik"]
[Black "MaxLeto"]
[Result "1-0"]
[WhiteElo "2101"]
[BlackElo "2316"]
[TimeControl "180+1"]
[EndTime "11:16:34 PDT"]
[Termination "Klavdia_Nik won on time"]

1. Nf3 d5 2. c4 d4 3. g3 c5 4.
b4 f6 5. bxc5 e5 6. d3 Bxc5 7.
Bg2 Ne7 8. O-O O-O 9. Ba3 Na6 10. Qb3 Nc6 11. Nfd2 Qe7 12. Bxc5 Nxc5 13. Qa3 Bg4 14.
Re1 Rfe8 15. Nb3 Nxb3 16. Qxe7 Rxe7 17. axb3 Nb4 18. Na3 Rc8 19. h3 Bh5 20. g4 Bg6 21.
f3 f5 22. gxf5 Bxf5 23. Rec1 Rc6 24. Nc2 Nxc2 25. Rxc2 a6 26. Kf2 Rh6 27. Rh1 Rh4 28. b4 Re6 29. c5 Kf8 30. Kg3 g5 31. Kf2 Ke7 32. b5 axb5 33. Rb2 Kd7 34. Rxb5 Kc6 35.
Rhb1 Bxh3 36. Rxb7 1-0

[Event "*** Titled Tuesday Blitz"]
[Site "Chess.com"]
[Date "2020.05.12"]
[Round "7"]
[White "Shubinkirill2003"]
[Black "wonderfultime"]
[Result "0-1"]
[WhiteElo "2587"]
[BlackElo "2935"]
[TimeControl "180+1"]
[EndTime "11:16:36 PDT"]
[Termination "wonderfultime won by resignation"]

1. e4 c5 2. Nf3 Nf6 3. Nc3 d5 4. Bb5+ Bd7 5. e5 Bxb5 6. Nxb5 Qd7 7. Nc3 Ng8 8. d4 cxd4 9. Nxd4 e6 10. Be3 Nc6 11. f4 Nge7 12. Nce2 g6 13. O-O Bg7 14. Qd2 O-O 15. c3 a6 16. Nxc6 Nxc6 17. Nd4 Ne7 18. Kh1 Rae8 19. Rae1 f6 20. exf6 Bxf6 21. Nf3 Nf5 22. Bc5 Rf7 23. g4 Nd6 24. Bd4 Ne4 25. Qe3 Ref8 26. Ne5 Bxe5 27. Bxe5 Qb5 28. b3 a5 29. h4 a4 30. c4 Qc6 31. cxd5 exd5 32. Ba1 h6 33. f5 gxf5 34. gxf5 Kh7 35. Rg1 Nf6 36. Qd4 Qc2 37. Ref1 Qe4+ 38. Qxe4 Nxe4 39. bxa4 h5 40. f6 Rg8 41. Rxg8 Kxg8 42. Rf5 Ng3+ 0-1

[Event "*** Titled Tuesday Blitz"]
[Site "Chess.com"]
[Date "2020.05.12"]
[Round "7"]
[White "dbrankovic68"]
[Black "GMStefanova"]
[Result "0-1"]
[WhiteElo "2402"]
[BlackElo "2641"]
[TimeControl "180+1"]
[EndTime "11:16:36 PDT"]
[Termination "GMStefanova won on time"]

1. e4 e5 2. Nf3 Nc6 3. Bb5 a6 4. Ba4 g6 5. O-O Bg7 6. c3 Nge7 7. d4 exd4 8. cxd4 b5 9. Bb3 d6 10. Nc3 Bg4 11. Be3 O-O 12. Qd2 Bxf3 13. gxf3 Qd7 14.
Kg2 Na5 15. Bh6 Nxb3 16. axb3 f5 17. Bxg7 Kxg7 18. Kh1 fxe4 19. fxe4 Rf3 20. d5 Ng8 21. Ne2 Qg4 22. Nd4 Qxe4 23. Nxf3 Qxf3+ 24. Kg1 Nf6 25. Rae1 Nxd5 26. Qd4+ Kg8 27. Re4 c6 28. Rfe1 Rf8 29. Re8 h5 30. Rxf8+ Qxf8 31. Qe4 Kh7 32.
f3 Qf6 0-1

[Event "*** Titled Tuesday Blitz"]
[Site "Chess.com"]
[Date "2020.05.12"]
[Round "7"]
[White "chito89"]
[Black "FLamps8"]
[Result "1-0"]
[WhiteElo "2750"]
[BlackElo "2579"]
[TimeControl "180+1"]
[EndTime "11:16:37 PDT"]
[Termination "chito89 won on time"]

1. e4 c6 2. d4 d5 3. exd5 cxd5 4.
Bd3 Nc6 5. c3 Qc7 6. Ne2 g6 7.
Bf4 Qb6 8. Qb3 Nf6 9. O-O Bg7 10. Qxb6 axb6 11. Na3 Bf5 12. Bxf5 gxf5 13. Nb5 Kd7 14. Rfe1 Rhc8 15. f3 Ra5 16. a4 Na7 17. Ng3 Nxb5 18. Nxf5 Bf8 19. axb5 Rca8 20. Rac1 e6 21. Ne3 Ne8 22.
Ng4 Bd6 23. Be5 Nc7 24. f4 Nxb5 25. f5 Nc7 26. Rf1 Ra2 27. fxe6+ fxe6 28. Rf7+ Kc6 29.
Bxd6 Kxd6 30. Ne5 Rd8 31. Rxh7 Rxb2 32. Nf7+ Ke7 33. Nxd8+ Kxd8 34. Rf1 Ne8 35. Rff7 Rc2 36. Rxb7 Rxc3 37. Rb8+ Rc8 38. Rxb6 1-0

[Event "*** Titled Tuesday Blitz"]
[Site "Chess.com"]
[Date "2020.05.12"]
[Round "7"]
[White "maciek_92"]
[Black "Baby_Shak"]
[Result "1-0"]
[WhiteElo "2647"]
[BlackElo "2472"]
[TimeControl "180+1"]
[EndTime "11:16:38 PDT"]
[Termination "maciek_92 won by checkmate"]

1. e4 e5 2. Nf3 Nc6 3. Bb5 a6 4. Ba4 d6 5. c4 Bg4 6. d3 Nf6 7. h3 Bxf3 8. Qxf3 Be7 9. Be3 O-O 10.
Nc3 Nb4 11. Rd1 b5 12. Bb3 bxc4 13. dxc4 c5 14. Bxc5 dxc5 15. Rxd8 Rfxd8 16. Nd5 Nfxd5 17. exd5 Bd6 18. O-O a5 19. a3 Na6 20. Ba4 Nc7 21.
Re1 Rab8 22. Qc3 f5 23. Bc6 e4 24. Re2 h6 25. Qxa5 Rb3 26. Ba4 Rd3 27. Bc2 Rd4 28. b3 Kh7 29. f3 Ra8 30. Qb6 Ra6 31. Qb7 Rxa3 32. fxe4 Bg3 33. Re1 Bxe1 34. Qxc7 Rd2 35. exf5 Rxc2 36. f6 Bf2+ 37. Kh2 Kg6 38. Qxg7+ Kf5 39.
f7 Ke4 40. f8=Q Raa2 41. Qf3# 1-0

[Event "*** Titled Tuesday Blitz"]
[Site "Chess.com"]
[Date "2020.05.12"]
[Round "7"]
[White "Berant"]
[Black "krstulov_alex"]
[Result "0-1"]
[WhiteElo "2364"]
[BlackElo "2547"]
[TimeControl "180+1"]
[EndTime "11:16:38 PDT"]
[Termination "krstulov_alex won by resignation"]

1. e4 c6 2. d4 d5 3. Nd2 dxe4 4. Nxe4 Nf6 5. Ng3 e5 6. N1e2 h5 7. h4 exd4 8. Nxd4 Bc5 9. c3 O-O 10. Be2 Re8 11. Be3 Ng4 12. Bxg4 Bxg4 13. Qd2 Bxd4 14. cxd4 Nd7 15. f3 Nb6 16. Rc1 Nd5 17. Ne4 Bf5 18.
O-O Bxe4 19. fxe4 Rxe4 20. Bg5 Qd7 21. Qd3 Rae8 22. Rc2 f6 23. Bc1 Rxh4 24. Rcf2 Qg4 25. Rf5 Re2 26. R1f2 Rxf2 27. Rxf2 Qxd4 28. Qg6 Qd1+ 29.
Rf1 Rh1+ 30. Kxh1 Qxf1+ 31. Kh2 Qxc1 32. Qe8+ Kh7 33. Qe4+ g6 34. Qe6 Qf4+ 35. Kh1 Qh4+ 36. Kg1 Qd4+ 37. Kh1 f5 38. Qf7+ Qg7 39. Qe6 h4 40.
Qe1 Qe7 41. Qd1 Kh6 42. Qd2+ g5 43. Qf2 g4 44. Qf4+ Nxf4 0-1

[Event "*** Titled Tuesday Blitz"]
[Site "Chess.com"]
[Date "2020.05.12"]
[Round "7"]
[White "Alomaterapia"]
[Black "mmaks007"]
[Result "1-0"]
[WhiteElo "2471"]
[BlackElo "2249"]
[TimeControl "180+1"]
[EndTime "11:16:38 PDT"]
[Termination "Alomaterapia won by resignation"]

1. d4 g6 2. e4 Bg7 3. Nf3 d6 4.
Bc4 Nf6 5. Qe2 Bg4 6. h3 Bxf3 7. Qxf3 e5 8. dxe5 dxe5 9. O-O O-O 10. Bg5 h6 11. Be3 Nbd7 12. Nc3 c6 13. a4 a5 14.
Qg3 Kh7 15. Rad1 Qc7 16. f3 Nh5 17. Qf2 Nf4 18. Kh2 Kg8 19. Rd2 Nf6 20. Rfd1 b5 21.
axb5 cxb5 22. Bxb5 Rfc8 23. Ba4 Ne6 24. Nb5 Qc4 25. b3 Qb4 26. c3 Qf8 27. Nd6 Rd8 28. Nc4 Rxd2 29. Rxd2 Nh5 30. Rd7 Rd8 31. Qd2 Rxd7 32.
Qxd7 Nhf4 33. Nxa5 Qa3 34. Qd2 Qa1 35. Nc6 Bf6 36.
Qc1 Qa2 37. Qd2 Qa1 38. g3 Nh5 39. Nb4 Qf1 40. Qf2 Qb1 41. Nd5 Bd8 42. b4 Kg7 43.
Bc2 Qb2 44. Bd3 Qa3 45. b5 f5 46. exf5 gxf5 47. Bxf5 1-0

[Event "*** Titled Tuesday Blitz"]
[Site "Chess.com"]
[Date "2020.05.12"]
[Round "7"]
[White "XiaoKangZhong"]
[Black "ajdemipopushi"]
[Result "1-0"]
[WhiteElo "2410"]
[BlackElo "2218"]
[TimeControl "180+1"]
[EndTime "11:16:38 PDT"]
[Termination "XiaoKangZhong won on time"]

1. e4 c5 2. c3 d5 3. exd5 Qxd5 4. d4 g6 5. Nf3 Bg7 6. Na3 Nf6 7. Be3 cxd4 8. Nb5 Na6 9. Nbxd4 Nc7 10. Bf4 Ne6 11.
Nxe6 Qxe6+ 12. Be2 Nd5 13. Bg3 O-O 14. O-O Nf6 15. Nd4 Qb6 16. Nb5 Be6 17. Nc7 Rad8 18. Qc2 Bf5 19. Qb3 Qxb3 20. axb3 a6 21. Bf3 Ne4 22. Bxe4 Bxe4 23. Rfe1 f5 24. f3 Bc6 25. Rxe7 Rd2 26. Ne6 Bf6 27. Rc7 Re8 28. Bf4 Rxb2 29.
Nd4 Bxd4+ 30. cxd4 Ree2 31. Rc8+ Kf7 32. Rc7+ Ke8 33.
Kh1 Rxg2 34. Re1+ Kd8 35. Rxh7 1-0

[Event "*** Titled Tuesday Blitz"]
[Site "Chess.com"]
[Date "2020.05.12"]
[Round "7"]
[White "Harsha_Bharathakoti"]
[Black "Nafania1"]
[Result "1-0"]
[WhiteElo "2793"]
[BlackElo "2432"]
[TimeControl "180+1"]
[EndTime "11:16:39 PDT"]
[Termination "Harsha_Bharathakoti won by resignation"]

1. Nf3 Nf6 2. c4 e6 3. Nc3 d5 4. d4 Be7 5. g3 O-O 6. Bg2 dxc4 7.
Ne5 c5 8. dxc5 Qxd1+ 9. Nxd1 Nbd7 10. Nxc4 Nxc5 11. O-O Nce4 12. Be3 Bd7 13. f3 Nd6 14. Ne5 Bb5 15. Nc3 Ba6 16. Rfd1 Rfd8 17. Bc5 Nf5 18. Bxe7 Nxe7 19. f4 Ned5 20. Nxd5 exd5 21. Kf2 Rac8 22. Rac1 Rxc1 23. Rxc1 Ne4+ 24. Bxe4 dxe4 25. Ke3 f6 26. Ng4 h5 27. Nf2 f5 28. Rc7 Kh7 29. Rc5 Kg6 30.
b4 b6 31. Rc7 Rd6 32. Rxa7 Bc4 33. a4 Kf6 34. Rc7 b5 35. a5 g5 36. fxg5+ Kxg5 37. Nh3+ Kg4 38. Nf4 Kg5 39. Rh7 Rd1 40. Rxh5+ Kf6 41.
Rh6+ Kf7 42. a6 Ra1 43. Rb6 Ra2 44. Rb7+ Kf6 45. a7 Ke5 46. h4 Ra3+ 47. Kf2 e3+ 48. Kg2 Ra2 49. h5 Bxe2 50. Nxe2 Rxe2+ 51. Kf3 Rh2 52. a8=Q 1-0